 Dungeon Crawl Stone Soup version 0.31-a0-705-ga145531891 (webtiles) character file.

Game seed: 3715942491978504739

4606 heikuro the Cleaver (level 10, -2/80 HPs)
             Began as a Formicid Fighter on Sept 9, 2023.
             Was an Initiate of Okawaru.
             Slain by Amaemon
             ... wielding a +0 demon whip of venom
              (9 damage)
             ... on level 9 of the Dungeon.
             The game lasted 00:18:20 (9778 turns).

heikuro the Cleaver (Formicid Fighter)              Turns: 9778, Time: 00:18:21

Health: -2/80      AC: 13    Str: 25    XL:     10   Next: 69%
Magic:  11/11      EV:  9    Int:  8    God:    Okawaru [......]
Gold:   327        SH: 11    Dex: 13    Spells: 9/9 levels left

rFire   + . .        a - +0 war axe
rCold   + . .        l - +0 kite shield
rNeg    . . .        b - +0 scale mail
rPois   +            (helmet unavailable)
rElec   +            t - +0 cloak
rCorr   +            j - +0 pair of gloves
SInv    +            c - +1 pair of boots
Will    +....        (no amulet) Stlth
                     (no ring)
HPRegen 0.33/turn    (no ring)
MPRegen 0.12/turn

%: no passive effects
@: mighty, lethally poisoned (-2 -> -11), resistant, weakened, studying Armour
A: permanent stasis, dig shafts and tunnels, antennae 3, four strong arms
a: Dig, Shaft Self, Renounce Religion


You were on level 9 of the Dungeon.
You worshipped Okawaru.
Okawaru was noncommittal.
You visited 2 branches of the dungeon, and saw 10 of its levels.

You collected 327 gold pieces.

Inventory:

Hand Weapons
 a - a +0 war axe (weapon)
 m - the +0 mace "No More Talking" {flame, rElec}
   (You found it on level 3 of the Dungeon)

   rElec:     It insulates you from electricity.
 w - the +5 dagger of Bashing Evisceration {heavy, rF+ Will+ MP+9}
   (You found it on level 3 of the Dungeon)

   rF+:       It protects you from fire.
   Will+:     It increases your willpower.
   MP+9:      It affects your magic capacity (+9).
Missiles
 E - 19 poisoned darts (quivered)
 M - a throwing net
 N - 2 curare-tipped darts
Armour
 b - a +0 scale mail (worn)
 c - a +1 pair of boots (worn)
 j - a +0 pair of gloves (worn)
 l - a +0 kite shield (worn)
 t - a +0 cloak (worn)
Jewellery
 p - an amulet of regeneration
Wands
 s - a wand of flame (39)
 y - a wand of polymorph (22)
 P - a wand of iceblast (8)
 Q - a wand of light (14)
Scrolls
 f - 3 scrolls of fog {unknown}
 h - a scroll of noise {unknown}
 r - 2 scrolls of summoning {unknown}
 v - 2 scrolls of blinking {unknown}
 x - 5 scrolls of teleportation {unknown}
 z - a scroll of vulnerability {unknown}
 A - a scroll of poison {unknown}
 B - a scroll of immolation {unknown}
 D - a scroll of silence {unknown}
 F - 2 scrolls of revelation {unknown}
 I - 3 scrolls of identify
 J - a scroll of amnesia {unknown}
 L - a scroll of fear {unknown}
 O - a scroll of torment {unknown}
Potions
 e - 2 potions of heal wounds
 g - 6 potions of curing
 i - 2 potions of cancellation
 n - a potion of mutation
 o - 2 potions of lignification
 q - a potion of brilliance {unknown}
 u - a potion of invisibility {unknown}
 C - 2 potions of attraction {unknown}
 G - a potion of enlightenment {unknown}
 H - a potion of haste {unknown}
 K - 2 potions of degeneration {unknown}


   Skills:
 + Level 8.1 Fighting
 * Level 9.6 Axes
 + Level 8.2 Armour
 + Level 9.6 Shields
 + Level 1.6 Invocations


You had 9 spell levels left.
You didn't know any spells.
Your spell library contained the following spells:

 Spells                   Type           Power      Damage    Failure   Level
 Necrotise                Necr           0%         1d4       85%         1
 Poisonous Vapours        Pois/Air       0%         N/A       94%         2
 Mephitic Cloud           Conj/Pois/Air  0%         N/A       99%         3
 Vampiric Draining        Necr           0%         2d6       99%         3
 Agony                    Necr           0%         N/A       100%        5
 Freezing Cloud           Conj/Ice/Air   0%         6-21      100%        5


Dungeon Overview and Level Annotations

Branches:
Dungeon (9/15)             Temple (1/1) D:6
   Lair: D:8-11         Orc: D:9-12

Altars:
Ashenzari
Cheibriados
Dithmenos
Elyvilon
Fedhas
Gozag
Hepliaklqana
Kikubaaqudgha
Makhleb
Nemelex Xobeh
Okawaru
Qazlal
Ru
Sif Muna
Trog
Uskayaw
Vehumet
Wu Jian
Xom
Yredelemnul
Zin
The Shining One

Shops:
D:4 (

Annotations:
D:4 1 exclusion
D:9 Amaemon


Innate Abilities, Weirdness & Mutations

You cannot be hasted, slowed, berserked, paralysed or teleported.
You can dig through walls and to a lower floor.
You have a pair of large antennae on your head. (SInv)
Your four strong arms can wield two-handed weapons with a shield.


Message History

You hit the scorpion. You completely miss the orange demon.
You slash the scorpion!
You kill the scorpion!
The scorpion's corpse disappears in a puff of smoke!
You hit the scorpion.
* * * LOW HITPOINT WARNING * * *
You feel very sick. You block the scorpion's attack.
The orange demon stings you but does no damage.
You block the orange demon's attack.
Amaemon hits you with a +0 demon whip of venom.
* * * LOW HITPOINT WARNING * * *
Amaemon barely misses you.
Amaemon tail-slaps you but does no damage.
You closely miss Amaemon.
Amaemon is lightly wounded.
You hit the scorpion but do no damage. x2; You slash the orange demon!
You closely miss the scorpion.
* * * LOW HITPOINT WARNING * * *
You feel very sick.
The scorpion stings you but does no damage.
The scorpion closely misses you. The scorpion barely misses you.
The orange demon stings you but does no damage.
You block the orange demon's attack. Amaemon closely misses you.
Amaemon claws you but does no damage. Amaemon barely misses you.
The scorpion stings you but does no damage.
The scorpion closely misses you.
The scorpion stings you but does no damage.
You hit Amaemon.
Amaemon is moderately wounded.
You hit the scorpion. You hit the orange demon. You hit the scorpion. x2
* * * LOW HITPOINT WARNING * * *
You feel very sick.
The orange demon no longer looks unusually toxic.
You block the scorpion's attack.
The scorpion stings you but does no damage.
You block the orange demon's attack.
The orange demon hits you but does no damage.
Amaemon hits you with a +0 demon whip of venom!
You die...

########
#......#
#...s..#
#..4s6.#
#..s@ss#
#...####
#...
#...
#...
#...
#...
#...


You could see Amaemon, an orange demon and 5 scorpions.

Vanquished Creatures
  Sigmund (D:2)
  4 yaks
  The ghost of runemasterragnar the Insei, an amateur DgSh (D:4)
  Eustachio (D:4)
  Edmund (D:5)
  A water moccasin (D:7)
  Duvessa (D:4)
  An orc warrior (D:8)
  3 sky beasts
  3 black bears
  An ice beast (D:5)
  An ogre (D:5)
  A phantom (D:6)
  2 centaurs
  Blork the orc (D:4)
  4 kobold brigands
  2 gnoll sergeants
  3 bullfrogs (D:7)
  3 scorpions
  Dowan (D:4)
  A howler monkey (D:6)
  4 hounds
  Crazy Yiuf (D:2)
  7 orc priests
  An iron imp (D:5)
  3 sleepcaps
  Natasha (thrice) (D:2)
  5 iguanas
  3 orc wizards (D:4)
  32 gnolls
  12 adders
  2 shadow imps
  A white imp (D:7)
  A dart slug (D:3)
  27 orcs
  6 endoplasms
  2 giant cockroaches
  9 goblins
  9 hobgoblins
  17 jackals
  5 quokkas
  11 ball pythons
  5 bats
  3 frilled lizards
  24 kobolds
  5 rats
235 creatures vanquished.

Notes
Turn   | Place    | Note
-------+----------+-------------------------------------------
     0 | D:1      | heikuro the Formicid Fighter began the quest for the Orb.
     0 | D:1      | Reached XP level 1. HP: 18/18 MP: 1/1
   133 | D:1      | Reached XP level 2. HP: 20/24 MP: 2/2
   316 | D:1      | Reached XP level 3. HP: 28/29 MP: 3/3
   865 | D:2      | Noticed Sigmund
   979 | D:3      | Identified the +0 mace "No More Talking" {flame, rElec}
  1061 | D:2      | Reached XP level 4. HP: 37/37 MP: 4/4
  1062 | D:2      | Noticed Natasha
  1066 | D:2      | Killed Natasha
  1113 | D:2      | Noticed Natasha
  1131 | D:2      | Killed Natasha
  1132 | D:2      | Reached XP level 5. HP: 4/42 MP: 5/5
  1295 | D:2      | Noticed Natasha
  1302 | D:2      | Killed Natasha
  1411 | D:2      | Found a faded altar of an unknown god.
  1510 | D:2      | Found a runed translucent door.
  1511 | D:2      | Noticed Crazy Yiuf
  1520 | D:2      | Killed Crazy Yiuf
  1521 | D:2      | Reached skill level 5 in Shields
  1621 | D:2      | Reached XP level 6. HP: 48/48 MP: 6/6
  2053 | D:3      | Identified the +5 dagger of Bashing Evisceration {heavy,
                  | rF+ Will+ MP+9}
  2412 | D:2      | You fall into a shaft and drop 2 floors!
  2434 | D:4      | Noticed Duvessa
  2434 | D:4      | Noticed Dowan
  2456 | D:4      | Killed Duvessa
  2479 | D:4      | Killed Dowan
  2480 | D:4      | Reached XP level 7. HP: 21/55 MP: 7/7
  2849 | D:4      | Found a runed translucent door.
  2855 | D:4      | Noticed runemasterragnar's ghost (amateur DgSh)
  2922 | D:4      | Found Icsietas's Antique Weapon Emporium.
  3622 | D:2      | Killed Sigmund
  3623 | D:2      | Reached skill level 5 in Fighting
  3623 | D:2      | Reached skill level 5 in Axes
  3623 | D:2      | Reached skill level 5 in Armour
  4087 | D:2      | Found a faded altar of an unknown god.
  4396 | D:4      | Noticed Blork the orc
  4407 | D:4      | Killed Blork the orc
  4408 | D:4      | Reached XP level 8. HP: 33/62 MP: 8/8
  5079 | D:4      | Noticed Eustachio
  5085 | D:4      | Killed Eustachio
  5447 | D:5      | Entered Level 5 of the Dungeon
  5526 | D:5      | Reached XP level 9. HP: 13/69 MP: 9/9
  5988 | D:4      | Killed runemasterragnar's ghost
  6173 | D:5      | Found a snail-covered altar of Cheibriados.
  6183 | D:5      | Noticed Edmund
  6207 | D:5      | Killed Edmund
  7528 | D:6      | Reached XP level 10. HP: 78/79 MP: 10/10
  7854 | D:6      | Found a staircase to the Ecumenical Temple.
  8540 | Temple   | Entered the Ecumenical Temple
  8552 | Temple   | Became a worshipper of Warmaster Okawaru
  8698 | D:7      | Found a hazy altar of Hepliaklqana.
  8698 | D:7      | Found a faded altar of an unknown god.
  8716 | D:7      | Found a sacrificial altar of Ru.
  8719 | D:7      | Found a faded altar of an unknown god.
  8721 | D:7      | Found a shadowy altar of Dithmenos.
  9236 | D:8      | Noticed a death yak
  9239 | D:8      | Noticed a death yak
  9240 | D:8      | Reached skill level 1 in Invocations
  9489 | D:8      | Identified the +0 robe of Magic {-Cast +Inv rCorr Dex-3}
  9764 | D:9      | Noticed Amaemon
  9764 | D:9      | Noticed an orange demon
  9778 | D:9      | Slain by Amaemon

Illustrated notes

Levels and vault maps discovered:
D:1:      ebering_trefoil_3fold, layout_loops_ring, roderic_roman_lattice,
          hangedman_decor_points
D:2:      layout_loops_ring, hellmonk_ecumenical_altar_arch_garden,
          uniq_natasha, uniq_sigmund, uniq_crazy_yiuf_cottage
D:3:      minmay_wonky_spiral, layout_rooms
D:4:      lemuel_castle_with_subvaults [lemuel_castle_interior_carwin_3],
          layout_basic, serial_shops, nicolae_shop_back_alley_shop,
          hellmonk_ghost_happy_afterlife, uniq_blork_the_orc, uniq_duvessa,
          uniq_eustachio
D:5:      layout_basic, slow_altar_1, hex_medium, uniq_edmund
D:6:      layout_gridville, minmay_temple_entry_from_below_b, minivault_19
D:7:      layout_loops_corners, chequers_temple_overflow_minitemple,
          serial_glass, glass_columns_a, glass_columns_a, glass_columns_c,
          glass_columns_b, glass_columns_a, glass_columns_a, glass_columns_a,
          glass_columns_a, glass_columns_a, glass_columns_a
D:8:      layout_gridville, dpeg_lair_monsters, corexii_checkpoint_b
D:9:      layout_stronghold, minmay_misc_feat_hallway, minmay_fountain_box,
          uniq_maggie, uniq_prince_ribbit1, uniq_jeremiah, uniq_amaemon
Temple:   hc_temple_tempest_star

Skill      XL: |  1  2  3  4  5  6  7  8  9 10 |
---------------+-------------------------------+-----
Axes           | 3 4 5 6 8 9 |  9.6
Fighting       | 4 5 6 7 8 |  8.1
Armour         | 4 5 6 7 8 |  8.2
Shields        | 5 6 7 8 9 |  9.6
Invocations    | 1 |  1.6

Action                     |  1- 3 |  4- 6 |  7- 9 | 10-12 || total
---------------------------+-------+-------+-------+-------++-------
  Melee: War axe           |    87 |    47 |   410 |   174 ||   718
         Mace              |     8 |    86 |       |       ||    94
         Unarmed           |       |       |       |    10 ||    10
  Throw: Dart              |       |       |     8 |     6 ||    14
Ability: Shaft Self        |       |     1 |       |       ||     1
    Use: Scroll            |       |       |     5 |     1 ||     6
         Potion            |       |       |       |     2 ||     2
 Armour: Scale mail        |    61 |    87 |   304 |   166 ||   618
         Skin              |       |       |       |     2 ||     2
  Dodge: Dodged            |    45 |    44 |   167 |    85 ||   341
  Block: Buckler           |    17 |       |       |       ||    17
         Kite shield       |    32 |    69 |   229 |   126 ||   456

Table legend: (Time is in decaauts)
 A = Elapsed time spent in this place.
 B = Non-inter-level travel time spent in this place.
 C = Inter-level travel time spent in this place.
 D = Time resting spent in this place.
 E = Time spent auto-exploring this place.
 F = Levels seen in this place.
 G = Mean time per level.
                   A        B        C        D        E       F      G
               +--------+--------+--------+--------+--------+-----+--------+
         Total |  10027 |   9639 |    388 |   1774 |   4578 |  10 | 1002.7 |
       Dungeon |  10002 |   9625 |    377 |   1774 |   4578 |   9 | 1111.3 |
        Temple |     24 |     13 |     11 |      0 |      0 |   1 |   24.0 |
               +--------+--------+--------+--------+--------+-----+--------+

Top non-repeatable levels by time:
     D:4: 2160 daAuts
     D:2: 1879 daAuts
     D:5: 1395 daAuts
     D:6: 1237 daAuts
     D:7: 1099 daAuts
     D:1: 944 daAuts
     D:3: 783 daAuts
     D:8: 486 daAuts
  Temple: 24 daAuts
     D:9: 15 daAuts
